 Dungeon Crawl Stone Soup version 0.15.0-29-ga8e3430 (webtiles) character file.

767 Rhoefr the Spear-Bearer (level 7, -1/41 HPs)
             Began as a Tengu Berserker on Sept 12, 2014.
             Was an Elder of Trog.
             Slain by Grinder (5 damage)
             ... on Level 5 of the Dungeon.
             The game lasted 00:22:28 (4964 turns).

Rhoefr the Spear-Bearer (Tengu Berserker)           Turns: 4964, Time: 00:22:28

HP  -1/41        AC  3     Str 19      XL: 7   Next: 82%
MP   9/9         EV 12     Int  7      God: Trog [****..]
Gold 202         SH  0     Dex 14      Spells:  0 memorised,  6 levels left

rFire  . . .     SeeInvis .     a - +1 trident (venom)
rCold  . . .     Clarity  .     b - +1 animal skin
rNeg   . . .     rCorr    .     (no shield)
rPois  .         rRot     .     (helmet restricted)
rElec  .         Spirit   .     (no cloak)
SustAb .         Warding  .     (no gloves)
rMut   .         Stasis   .     (boots unavailable)
Gourm  .                        (no amulet)
MR     ++...                    (no ring)
                                (no ring)

@: regenerating, very resistant to hostile enchantments, very unstealthy
A: able to fly, beak, talons 3
a: Fly, Burn Spellbooks, Berserk, Trog's Hand, Brothers in Arms, Renounce
Religion


You were on level 5 of the Dungeon.
You worshipped Trog.
Trog was greatly pleased with you.
You were not hungry.

You visited 1 branch of the dungeon, and saw 5 of its levels.

You collected 202 gold pieces.

Inventory:

Hand weapons
 a - a +1 trident of venom (weapon)
Missiles
 u - 6 javelins of returning (quivered)
Armour
 b - a +1 animal skin (worn)
Comestibles
 c - 4 bread rations
 d - 5 meat rations
 g - a slice of pizza
 q - a beef jerky
Scrolls
 e - 2 scrolls of remove curse
 f - 2 scrolls of fog
 j - a scroll of identify
 t - a scroll of teleportation
Potions
 h - a potion of agility {unknown}
 i - 3 potions of restore abilities
 k - 2 potions of curing
 l - 2 potions of cancellation
 m - 2 potions of brilliance
 n - 2 potions of heal wounds {unknown}
 o - a potion of degeneration {unknown}
 p - a potion of poison {unknown}
 r - a potion of lignification {unknown}
 s - a potion of haste {unknown}
 v - a potion of beneficial mutation {unknown}


   Skills:
 - Level 3.2 Fighting
 + Level 9.6 Polearms
 - Level 2.3 Armour
 - Level 2.3 Dodging


You had 6 spell levels left.
You didn't know any spells.

Dungeon Overview and Level Annotations

Branches:
Dungeon (5/15)             Temple (0/1) D:4

Altars:
Cheibriados
Nemelex Xobeh
Okawaru
Sif Muna
Trog
Xom
Yredelemnul

Annotations:
D:5 Grinder


Innate Abilities, Weirdness & Mutations

You can fly.
You have a beak for a mouth.
You have claws for feet.


Message History

You barely miss Grinder. You peck Grinder, but do no damage.
Grinder is severely wounded.
Grinder hits you!
You writhe in agony.
You writhe in agony.
The giant mite misses you.
You hit Grinder. You claw Grinder.
Grinder is almost dead.
Grinder hits you!
* * * LOW HITPOINT WARNING * * *
You writhe in agony.
* * * LOW HITPOINT WARNING * * *
The giant mite bites you.
* * * LOW HITPOINT WARNING * * *
Drink which item? (? for menu, Esc to quit)
You feel better. Grinder misses you. The giant mite closely misses you.
You barely miss Grinder. Your kick misses Grinder.
Grinder is almost dead.
Grinder hits you!
* * * LOW HITPOINT WARNING * * *
You writhe in agony.
You die...

##..# #..## #...##
## #....# ..##
####....## ...#.
..........##......
..........#......#
#####............#
##...@...##...
#...s5.###
#.......#
.........#
.........#
........# .......#
......# ...


You could see Grinder and a giant mite.

Vanquished Creatures
  2 ogres (D:4)
  A giant frog skeleton (D:4)
  3 hounds
  2 orc priests
  6 orc wizards
  Ijyb (D:3)
  5 adders
  A gnoll (D:1)
  An inept item mimic (D:2)
  7 giant mites
  10 giant geckos
  25 orcs
  4 giant cockroaches
  11 hobgoblins
  8 jackals
  2 oozes (D:3)
  A quokka (D:3)
  3 ball pythons
  10 bats
  8 giant newts
  10 goblins
  2 goblin skeletons
  9 kobolds
  12 rats
144 creatures vanquished.

Notes
Turn   | Place    | Note
--------------------------------------------------------------
     0 | D:1      | Rhoefr, the Tengu Berserker, began the quest for the Orb.
     0 | D:1      | Reached XP level 1. HP: 14/14 MP: 1/1
    33 | D:1      | Reached XP level 2. HP: 19/19 MP: 3/3
   223 | D:1      | Reached skill level 4 in Polearms
   226 | D:1      | Reached XP level 3. HP: 23/23 MP: 4/4
   229 | D:1      | Acquired Trog's second power
   892 | D:2      | Reached XP level 4. HP: 25/28 MP: 5/5
   962 | D:2      | Reached skill level 5 in Polearms
  1157 | D:2      | Found a sparkling altar of Nemelex Xobeh.
  1382 | D:3      | Noticed Ijyb
  1383 | D:3      | Found a shimmering altar of Xom.
  1390 | D:3      | Killed Ijyb
  1438 | D:3      | Reached XP level 5. HP: 32/32 MP: 7/7
  1506 | D:3      | Reached skill level 6 in Polearms
  1780 | D:3      | Found a snail-covered altar of Cheibriados.
  1780 | D:3      | Found a basalt altar of Yredelemnul.
  2483 | D:4      | Acquired Trog's third power
  2516 | D:4      | Reached XP level 6. HP: 37/37 MP: 8/8
  2555 | D:4      | Found an iron altar of Okawaru.
  2560 | D:4      | Found a bloodstained altar of Trog.
  2565 | D:4      | Found a deep blue altar of Sif Muna.
  2672 | D:4      | Reached skill level 7 in Polearms
  2713 | D:4      | Noticed an ogre
  2718 | D:4      | Killed an ogre
  2967 | D:4      | Reached skill level 8 in Polearms
  3266 | D:4      | Received a gift from Trog
  3266 | D:4      | Reached XP level 7. HP: 31/41 MP: 9/9
  3909 | D:4      | Reached skill level 9 in Polearms
  4367 | D:4      | Found a staircase to the Ecumenical Temple.
  4684 | D:5      | Entered Level 5 of the Dungeon
  4951 | D:5      | Noticed Grinder
  4964 | D:5      | Slain by Grinder

Action                   |  1- 3 |  4- 6 |  7- 9 || total
-------------------------+-------+-------+-------++-------
Melee: Spear             |    93 |   170 |    70 ||   333
       Trident           |       |       |    44 ||    44
Invok: Berserk           |     3 |     7 |       ||    10
       Burn Spellbooks   |       |     1 |       ||     1
       Trog's Hand       |       |       |     1 ||     1
  Use: Scroll            |     5 |     5 |     1 ||    11
       Potion            |     1 |       |     1 ||     2
 Stab: Sleeping          |       |     5 |       ||     5
  Eat: Chunk             |     3 |    13 |     3 ||    19
       Bread ration      |       |       |     1 ||     1
